 Dungeon Crawl Stone Soup version 0.30-a0-451-ge042605de7 (webtiles) character file.

Game seed: 5402520702068433375

3888 cforsyth the Fighter (level 10, -1/127 (136) HPs)
             Began as a Minotaur Berserker on Dec 11, 2022.
             Was a High Priest of Trog.
             Slain by a black bear (6 damage)
             ... on level 8 of the Dungeon.
             The game lasted 00:14:35 (7361 turns).

cforsyth the Fighter (Minotaur Berserker)           Turns: 7361, Time: 00:14:36

HP:   -1/127 (136)  AC: 10    Str: 26    XL:     10   Next: 0%
MP:   9/9           EV: 13    Int:  4    God:    Trog [*****.]
Gold: 385           SH:  0    Dex: 10    Spells: 9/9 levels left

rFire   . . .      SeeInvis .    u - +1 battleaxe
rCold   . . .      Faith    .    (shield currently unavailable)
rNeg    . . .      Spirit   .    p - +0 scale mail
rPois   .          Reflect  .    (helmet restricted)
rElec   .          Harm     .    a - +1 cloak
rCorr   .          Rampage  .    (no gloves)
Will    .....                    (no boots)
Stlth   ..........               (no amulet)
HPRegen 0.41/turn                (no ring)
MPRegen 0.11/turn                (no ring)

@: berserking, drained, very quick
A: horns 2, retaliatory headbutt
a: Renounce Religion, Berserk, Trog's Hand, Brothers in Arms


You were on level 8 of the Dungeon.
You worshipped Trog.
Trog was extremely pleased with you.
You visited 1 branch of the dungeon, and saw 8 of its levels.
You also visited: Ossuary.

You collected 475 gold pieces.
You spent 90 gold pieces at shops.

Inventory:

Hand Weapons
 b - a +1 war axe
 u - a +1 battleaxe (weapon)
Armour
 a - a +1 cloak (worn)
 p - a +0 scale mail (worn)
Jewellery
 k - a ring of protection from fire
 m - a ring of protection from fire
 x - a +4 ring of protection
Wands
 g - a wand of paralysis (7)
 q - a wand of mindburst (15)
 s - a wand of flame (40)
 t - a wand of digging (5)
 C - a wand of light (9)
Scrolls
 h - a scroll of teleportation
 l - 3 scrolls of noise
 n - 2 scrolls of blinking
 r - 2 scrolls of poison
 y - a scroll of fear
 D - 2 scrolls of enchant weapon
Potions
 c - 5 potions of haste
 e - 6 potions of curing
 f - a potion of invisibility
 i - 3 potions of cancellation
 j - 2 potions of might
 o - a potion of flight
 v - 2 potions of degeneration
 w - a potion of mutation
 z - 3 potions of attraction
 A - a potion of heal wounds
 B - a potion of ambrosia
 E - a potion of brilliance {unknown}


   Skills:
 + Level 9.4 Fighting
 + Level 9.3 Axes
 + Level 9.0 Armour
 + Level 8.2 Dodging


You had 9 spell levels left.
You didn't know any spells.
Your spell library was empty.

Dungeon Overview and Level Annotations

Branches:
Dungeon (8/15)             Temple (0/1) D:5         Ossuary (visited)
   Lair: D:8-11

Altars:
Cheibriados
Nemelex Xobeh

Shops:
D:1 !   D:3 ?   D:4 :   D:7 ?


Innate Abilities, Weirdness & Mutations

You have a pair of horns on your head.
You reflexively headbutt those who attack you in melee.


Message History

The wight closely misses you.
The wight hits you from afar with a +0 vorpal trident!
* * * LOW HITPOINT WARNING * * *
You feel drained.
* * * LOW HITPOINT WARNING * * *
x2 The wight closely misses you.
Unknown command.
Unknown command.
A red film seems to cover your vision as you go berserk!
You feel yourself moving faster!
You feel mighty! The wight barely misses you.
The wight hits you with a +2 hand axe.
* * * LOW HITPOINT WARNING * * *
The wight hits you from afar with a +0 vorpal trident!
* * * LOW HITPOINT WARNING * * *
x2 The wight barely misses you.
You furiously retaliate!
You headbutt the wight!
You destroy the wight!
Trog accepts your kill.
The black bear bites you but does no damage.
The black bear claws you but does no damage.
The black bear barely misses you.
Your Armour skill increases to level 9!
You have reached level 10!
Unknown command.
You barely miss the wight. You slash the plant! You slice the black bear!!
You barely miss the wight.
A nearby plant withers and dies.
The wight hits you but does no damage. The wight closely misses you.
The wight hits you from afar with a +0 vorpal trident!
* * * LOW HITPOINT WARNING * * *
You feel drained.
* * * LOW HITPOINT WARNING * * *
x2 The black bear goes berserk!
Unknown command.
Unknown command.
Unknown command.
You slice the wight!!
You destroy the wight!
Trog accepts your kill.
You closely miss the black bear. You closely miss the wight.
The black bear bites you.
You die...

.....##..........#.#
#.#
.....#.........#.#.#
#.#
...#.#.######+##.#.#
#.# ...#.#. .....#.#
###.# ...#.#. ##
...##.. ..#.# #.
##..##.### #.#.#
#........####.#.#
....Pz..)..##.#.#
......h@....#.#.#
......)z.†......#
.P.P..P.......###
P.P.####..P...# .P.
#P..P..# .. #P.P...#
. #...P..# P.PPP...#
.P....#.#


You could see a black bear (berserk) and 2 wights.

Vanquished Creatures
  A hornet (D:8)
  Sigmund (D:4)
  A wraith (D:7)
  3 yaks (D:8)
  2 water moccasins
  2 black bears
  2 ice beasts (D:6)
  A sky beast (D:6)
  2 ogres (D:4)
  2 centaurs (D:7)
  A phantom (D:7)
  3 elf zombies (Ossuary)
  A kobold brigand (D:6)
  A bullfrog (D:7)
  A scorpion (D:7)
  2 necrophages
  7 wights
  A jelly (D:6)
  2 gnoll boudas
  4 hounds
  A human zombie (Ossuary)
  5 orc priests
  Ijyb (D:4)
  Terence (D:2)
  7 iguanas
  3 orc wizards
  2 hound zombies (Ossuary)
  3 mummies (Ossuary)
  7 gnolls
  9 adders
  A shadow imp (D:7)
  3 white imps
  2 ufetubi
  2 adder zombies (Ossuary)
  A worm (D:4)
  4 dart slugs
  11 orcs
  8 endoplasms
  3 giant cockroaches
  9 hobgoblins
  2 jackals (D:1)
  18 kobolds
  4 quokkas
  15 ball pythons
  6 bats
  2 gnoll zombies (Ossuary)
  8 goblins
  2 goblin zombies (Ossuary)
  3 hobgoblin zombies (Ossuary)
  3 jackal zombies (Ossuary)
  4 kobold zombies (Ossuary)
  2 orc zombies (Ossuary)
  3 quokka zombies (Ossuary)
  3 rats
  7 rat zombies (Ossuary)
205 creatures vanquished.

Vanquished Creatures (others)
  6 fungi (D:8)
  3 plants
9 creatures vanquished.

Grand Total: 214 creatures vanquished

Notes
Turn   | Place    | Note
-------+----------+-------------------------------------------
     0 | D:1      | cforsyth the Minotaur Berserker began the quest for the
                  | Orb.
     0 | D:1      | Reached XP level 1. HP: 19/19 MP: 0/0
    84 | D:1      | Reached XP level 2. HP: 12/27 MP: 1/1
   150 | D:1      | Found Icse's Distillery.
   299 | D:1      | Reached ** piety under Trog
   333 | D:1      | Reached XP level 3. HP: 31/33 MP: 2/2
  1331 | D:2      | Noticed Terence
  1340 | D:2      | Killed Terence
  1341 | D:2      | Reached XP level 4. HP: 25/41 MP: 3/3
  1407 | D:2      | Identified the +2 leather armour "Wesal" {rElec Int+2 SInv}
  1676 | D:3      | Found a sparkling altar of Nemelex Xobeh.
  1872 | D:3      | Found a snail-covered altar of Cheibriados.
  1877 | D:3      | Reached XP level 5. HP: 37/47 MP: 4/4
  1967 | D:3      | Found a faded altar of an unknown god.
  2123 | D:3      | Found Upsoedeit's Magic Scroll Shoppe.
  2131 | D:3      | Bought a scroll of blinking for 90 gold pieces
  2377 | D:4      | Noticed a water moccasin
  2387 | D:4      | Killed a water moccasin
  2388 | D:4      | Reached skill level 5 in Fighting
  2388 | D:4      | Reached skill level 5 in Axes
  2388 | D:4      | Reached *** piety under Trog
  2636 | D:4      | Found Cenoq's Vocational Training.
  2639 | D:4      | Noticed Ijyb
  2646 | D:4      | Reached XP level 6. HP: 53/56 MP: 5/5
  2646 | D:4      | Killed Ijyb
  3050 | D:4      | You fall into a shaft and drop 1 floor!
  3050 | D:5      | Entered Level 5 of the Dungeon
  3079 | D:4      | Reached skill level 5 in Armour
  3079 | D:4      | Reached XP level 7. HP: 31/62 MP: 6/6
  3584 | D:4      | Reached skill level 5 in Dodging
  3706 | D:4      | Noticed Sigmund
  3714 | D:4      | Killed Sigmund
  4069 | D:5      | Reached XP level 8. HP: 68/71 MP: 7/7
  4326 | D:5      | Found a staircase to the Ecumenical Temple.
  5268 | D:6      | Found a sand-covered staircase.
  5275 | Ossuary  | Entered an ossuary
  5302 | Ossuary  | Reached **** piety under Trog
  5666 | D:6      | Reached XP level 9. HP: 81/81 MP: 8/8
  6223 | D:7      | Found Kyrosm's Magic Scroll Shoppe.
  6540 | D:7      | Reached ***** piety under Trog
  6701 | D:7      | Identified the +1 robe of the Divine God {Rampage Int+3}
  6799 | D:7      | Identified the +6 flail of Acureh Eheung {vorpal, +Blink
                  | Str+4}
  7360 | D:8      | Reached XP level 10. HP: 18/87 MP: 9/9
  7360 | D:8      | HP: 5/127 [wight/+0 vorpal trident (3)]
  7361 | D:8      | Slain by a black bear

Illustrated notes

Levels and vault maps discovered:
D:1:      ebering_trefoil_twist, layout_rooms, serial_shops, shop
D:2:      layout_basic, chequers_arboretum, chequers_decorated_corner,
          uniq_terence
D:3:      layout_basic, old_standard_altar, nemelex_xobeh_ov_fountains_minmay,
          serial_shops, shop_scrolls, serial_rivers,
          chequers_serial_rivers_micro_a, chequers_serial_rivers_micro_d,
          chequers_serial_rivers_small_b, chequers_serial_rivers_large_a,
          hellmonk_ecumenical_altar_crossroads, kennysheep_crisscross,
          serial_bayou_pond_a
D:4:      cheibrodos_barr_body, layout_basic, nicolae_shop_vocational,
          uniq_ijyb, uniq_sigmund
D:5:      cheibrodos_quashed, layout_basic, minmay_temple_entry_antechambers,
          roderic_serpentine_path, minmay_misc_feat_enclosed
D:6:      layout_loops_ring, chequers_ossuary_entry_cave
D:7:      layout_basic, dk_noncrumbling_3, serial_bayou_pond_e,
          nicolae_stop_n_shop_1
D:8:      layout_basic, grunt_lair_entry_orc_guard_hut

Skill      XL: |  1  2  3  4  5  6  7  8  9 |
---------------+----------------------------+-----
Fighting       | 4 5 6 7 9 |  9.4
Axes           | 4 5 6 7 9 |  9.3
Armour         | 3 4 5 7 9 |  9.0
Dodging        | 3 4 5 6 8 |  8.2

Action                   |  1- 3 |  4- 6 |  7- 9 | 10-12 || total
-------------------------+-------+-------+-------+-------++-------
Melee: Hand axe          |    87 |    86 |       |       ||   173
       Headbutt          |    11 |    15 |    38 |       ||    64
       Punch             |       |     1 |       |       ||     1
       War axe           |       |     3 |    71 |       ||    74
       Battleaxe         |       |       |   207 |     2 ||   209
Invok: Berserk           |     1 |     3 |     6 |       ||    10
       Trog's Hand       |       |     1 |       |       ||     1
  Use: Potion            |       |     1 |       |       ||     1
       Scroll            |       |       |    19 |       ||    19
Armor: Animal skin       |    16 |     5 |     1 |       ||    22
       Scale mail        |       |       |   134 |     1 ||   135
Dodge: Dodged            |    53 |    42 |   206 |     1 ||   302

Table legend: (Time is in decaauts)
 A = Elapsed time spent in this place.
 B = Non-inter-level travel time spent in this place.
 C = Inter-level travel time spent in this place.
 D = Time resting spent in this place.
 E = Time spent auto-exploring this place.
 F = Levels seen in this place.
 G = Mean time per level.
                   A        B        C        D        E       F      G
               +--------+--------+--------+--------+--------+-----+--------+
         Total |   7553 |   7367 |    186 |    626 |   5387 |   9 |  839.2 |
       Dungeon |   7156 |   6970 |    186 |    626 |   5141 |   8 |  894.5 |
       Ossuary |    396 |    396 |      0 |      0 |    246 |   1 |  396.0 |
               +--------+--------+--------+--------+--------+-----+--------+

Top non-repeatable levels by time:
     D:4: 1637 daAuts
     D:5: 1217 daAuts
     D:2: 984 daAuts
     D:7: 957 daAuts
     D:3: 741 daAuts
     D:6: 728 daAuts
     D:1: 679 daAuts
 Ossuary: 396 daAuts
     D:8: 209 daAuts
